 Dungeon Crawl Stone Soup version 0.19.5 (webtiles) character file.

53 Jenk the Grave Robber (level 4, 15/30 HPs)
             Began as a Human Necromancer on Mar 25, 2017.
             Quit the game on level 2 of the Dungeon.
             The game lasted 00:16:48 (1655 turns).

Jenk the Grave Robber (Human Necromancer)           Turns: 1655, Time: 00:16:49

Health: 15/30      AC:  2    Str:  8    XL:     4   Next: 11%
Magic:  7/7        EV: 12    Int: 17    God:
Gold:   109        SH:  0    Dex: 13    Spells: 2 memorised, 6 levels left

rFire  . . .     SeeInvis .     f - +1 spear
rCold  . . .     Gourm    .     a - +0 robe
rNeg   . . .     Faith    .     (no shield)
rPois  .         Spirit   .     (no helmet)
rElec  .         Reflect  .     (no cloak)
rCorr  +         Harm     .     (no gloves)
MR     .....                    (no boots)
Stlth  ++........               (no amulet)
                                (no ring)
                                i - ring of resist corrosion

@: no status effects
A: no striking features
a: no special abilities


You were on level 2 of the Dungeon.
You were not hungry.

You visited 1 branch of the dungeon, and saw 2 of its levels.

You collected 109 gold pieces.

Inventory:

Hand Weapons
 f - a +1 spear (weapon)
 g - a +0 dagger
 h - a +0 mace
 n - a +0 hunting sling
Missiles
 e - 15 poisoned needles
 j - 2 javelins (quivered)
 o - 46 stones
Armour
 a - a +0 robe (worn)
 v - a +0 pair of gloves
Jewellery
 i - a ring of resist corrosion (left hand)
Wands
 t - a wand of iceblast (8/15)
Scrolls
 d - a scroll of fog {unknown}
 m - 4 scrolls of remove curse
 r - a scroll of magic mapping {unknown}
Potions
 k - a potion of curing
 p - a potion of magic
 s - a potion of brilliance {unknown}
 u - a potion of heal wounds {unknown}
Books
 b - a book of Necromancy

   Spells                             Type                      Level
   a - Pain                           Necromancy                   1
   b - Animate Skeleton               Necromancy                   1
   c - Vampiric Draining              Necromancy                   3
   d - Regeneration                   Charms/Necromancy            3
   e - Animate Dead                   Necromancy                   4
   f - Control Undead                 Necromancy                   4
Comestibles
 c - a bread ration
 l - a meat ration
 q - 9 chunks of flesh


   Skills:
 + Level 0.6 Polearms
 + Level 0.4(0.5) Slings
 + Level 0.4(0.5) Throwing
 + Level 2.2 Dodging
 + Level 2.3 Stealth
 + Level 2.5 Spellcasting
 + Level 4.5 Necromancy


You had 6 spell levels left.
You knew the following spells:

 Your Spells              Type           Power        Failure   Level  Hunger
a - Pain                  Necr           ###.         2%          1    #......
b - Animate Skeleton      Necr           N/A          2%          1    #......


Dungeon Overview and Level Annotations

Branches:
Dungeon (2/15)

Altars:


Message History

You reach to attack!
You barely miss the worm.
The goblin shouts!
Attack whom?
Press: ? - help, Dir - move target cursor, f/p - worm
Aim: a worm You reach to attack!
You hit the worm.
The worm is moderately wounded.
You hit the worm but do no damage.
The worm is lightly wounded.
A rat comes into view.
You hit the worm.
The worm is heavily wounded.
The worm bites you but does no damage. The goblin hits you but does no damage.
You barely miss the worm.
The worm is moderately wounded.
The goblin hits you with a dagger. The worm bites you!
You barely miss the worm.
The worm is moderately wounded.
The goblin barely misses you.
Are you sure you want to abandon this character and quit the game? (Confirm with "yes".)

#### .# .... .
#### ##. #
#.r........
....##
#.#........
#.....
#.#........
...#.#
#g#...>.... #
###@##..... ....
#..w##... ####
#.###$#.# # #.
##..##.#### ..
#.....(..# ##
#..#####.# #.#.#
#.# # ...#.#
#.#.#
#.###.#.#####.#.#


You could see a worm, a goblin and a rat.

Vanquished Creatures
  An adder (D:2)
  An ooze (D:1)
  2 worms (D:2)
  2 leopard geckos
  A ball python (D:1)
  2 giant cockroaches
  5 goblins (D:1)
  2 hobgoblins (D:1)
  3 jackals (D:2)
  3 kobolds (D:1)
  4 bats (D:1)
  A frilled lizard (D:1)
  4 rats
31 creatures vanquished.

Notes
Turn   | Place    | Note
-------+----------+-------------------------------------------
     0 | D:1      | Jenk the Human Necromancer began the quest for the Orb.
     0 | D:1      | Reached XP level 1. HP: 13/13 MP: 3/3
   218 | D:1      | Reached XP level 2. HP: 11/19 MP: 3/5
   763 | D:1      | Reached XP level 3. HP: 17/24 MP: 6/6
   772 | D:1      | Learned a level 1 spell: Animate Skeleton
  1514 | D:2      | Reached XP level 4. HP: 24/30 MP: 2/7
  1655 | D:2      | Quit the game

Action                   |  1- 3 |  4- 6 || total
-------------------------+-------+-------++-------
Melee: Spear             |    71 |    16 ||    87
 Fire: Hunting sling     |    15 |       ||    15
Throw: Stone             |    33 |       ||    33
       Javelin           |     1 |     1 ||     2
 Cast: Pain              |    16 |     5 ||    21
       Animate Skeleton  |     1 |     1 ||     2
  Use: Scroll            |     4 |       ||     4
       Potion            |     2 |       ||     2
 Stab: Sleeping          |     1 |       ||     1
  Eat: Meat ration       |     1 |       ||     1
       Chunk             |     1 |       ||     1
Armor: Robe              |    26 |     4 ||    30
Dodge: Dodged            |   101 |    11 ||   112
